 Dungeon Crawl Stone Soup version 0.20.0-15-g7f486f2 (webtiles) character file.

181 botchamania the Cudgeler (level 5, -2/41 HPs)
             Began as a Mummy Fighter on June 27, 2017.
             Slain by a gnoll
             ... wielding a +0 halberd
              (5 damage)
             ... on level 5 of the Dungeon.
             The game lasted 00:06:51 (3206 turns).

botchamania the Cudgeler (Mummy Fighter)            Turns: 3206, Time: 00:06:52

Health: -2/41      AC:  9    Str: 19    XL:     5   Next: 34%
Magic:  5/5        EV:  7    Int:  7    God:
Gold:   201        SH:  9    Dex: 13    Spells: 4/4 levels left

rFire    x . .     SeeInvis .   a - +1 flail
rCold    + + .     Gourm    .   c - +0 shield
rNeg     + + +     Faith    .   b - +0 scale mail
rPois    ∞         Spirit   .   j - +0 helmet
rElec    .         Reflect  .   g - +1 cloak
rCorr    .         Harm     .   (no gloves)
MR       .....                  (no boots)
Stlth    ..........             (no amulet)
Regen    0.2/turn               q - ring of protection from cold
MPRegen  0.1/turn               (no ring)

@: very slightly contaminated
A: no food or potions, fire vulnerability, cold resistance 1, negative energy
resistance 3, torment resistance, unbreathing
a: no special abilities


You were on level 5 of the Dungeon.
You were not hungry.

You visited 1 branch of the dungeon, and saw 5 of its levels.

You collected 201 gold pieces.

Inventory:

Hand Weapons
 a - a +1 flail (weapon)
 i - a +0 mace
 m - a +0 quarterstaff
Missiles
 d - 91 stones (quivered)
 f - 29 poisoned needles
Armour
 b - a +0 scale mail (worn)
 c - a +0 shield (worn)
 g - a +1 cloak (worn)
 j - a +0 helmet (worn)
Jewellery
 q - a ring of protection from cold (left hand)
Wands
 l - a wand of iceblast (6/15)
Scrolls
 e - a scroll of remove curse
 p - a scroll of identify
Comestibles
 h - 3 royal jellies


   Skills:
 - Level 3.0 Fighting
 + Level 4.6 Maces & Flails
 - Level 2.4 Armour
 - Level 2.4 Shields


You had 4 spell levels left.
You didn't know any spells.

Dungeon Overview and Level Annotations

Branches:
Dungeon (5/15)
 Temple: D:4-7

Altars:
Ashenzari
Cheibriados
Ru
Trog

Shops:
D:4 =:(


Innate Abilities, Weirdness & Mutations

You do not eat or drink.
Your flesh is vulnerable to fire.
You are immune to poison.
Your flesh is cold resistant. (rC+)
You are immune to negative energy. (rN+++)
You are immune to unholy pain and torment.
You can survive without breathing.


Message History

Quivering
k - a throwing net for throwing.
A gnoll comes into view. It is wielding a halberd.
The gnoll shouts!
Throwing (i - inventory. (,) - cycle):
k - a throwing net (quivered)
Press: ? - help, Shift-Dir - straight line, f - ice beast
Aim: an ice beast (lightly wounded, inner flame)
You throw a throwing net.
The throwing net closely misses the ice beast.
A gnoll comes into view. It is wielding a spear.
Unknown command.
A centaur comes into view.
The centaur shouts!
The gnoll shouts!
A gnoll comes into view. It is wielding a spear.
The gnoll shouts!
The gnoll hits you from afar with a halberd.
* * * LOW HITPOINT WARNING * * *
Found an escape hatch in the ceiling.
Unknown command.
You block the gnoll's attack. The gnoll hits you with a halberd.
You die...

...g...... ..........
#......... #.........
#.g....... .c.g.....
##g....... #.@<.....#
#.######## ##.# #.Y#
##.## ###. #..##.....
#......... ####
####.........
...#######............


You could see an ice beast (inner flame), a centaur and 4 gnolls.

Vanquished Creatures
  A crimson imp (D:5)
  A bullfrog skeleton (D:4)
  A worker ant (D:5)
  Robin (D:1)
  3 adders (D:4)
  A leopard gecko (D:4)
  6 orcs
  A ball python (D:3)
  3 giant cockroaches
  6 goblins
  7 hobgoblins
  2 jackals (D:3)
  4 quokkas
  5 bats
  5 frilled lizards
  5 kobolds
  5 rats (D:1)
57 creatures vanquished.

Notes
Turn   | Place    | Note
-------+----------+-------------------------------------------
     0 | D:1      | botchamania the Mummy Fighter began the quest for the Orb.
     0 | D:1      | Reached XP level 1. HP: 18/18 MP: 1/1
   394 | D:1      | Reached skill level 2 in Maces & Flails
   471 | D:1      | Reached XP level 2. HP: 20/24 MP: 2/2
   906 | D:2      | Found a shattered altar of Ashenzari.
  1010 | D:2      | Noticed Robin
  1187 | D:2      | Found a snail-covered altar of Cheibriados.
  1500 | D:2      | Reached XP level 3. HP: 29/29 MP: 3/3
  1514 | D:1      | Killed Robin
  1514 | D:1      | Reached skill level 3 in Maces & Flails
  2082 | D:3      | Found a sacrificial altar of Ru.
  2524 | D:4      | Found Huka's Jewellery Boutique.
  2615 | D:4      | Reached XP level 4. HP: 35/35 MP: 4/4
  2770 | D:4      | Found Jiext's Book Shoppe.
  2818 | D:4      | Reached skill level 4 in Maces & Flails
  2940 | D:4      | Found a bloodstained altar of Trog.
  3005 | D:4      | Found Haatareh's Weapon Emporium.
  3096 | D:5      | Entered Level 5 of the Dungeon
  3097 | D:5      | Noticed an ogre
  3162 | D:5      | Noticed an ice beast
  3164 | D:5      | Reached XP level 5. HP: 26/41 MP: 5/5
  3172 | D:5      | HP: 2/41 [ice beast (4)]
  3204 | D:5      | Noticed a centaur
  3206 | D:5      | Slain by a gnoll

Skill      XL: |  1  2  3  4 |
---------------+-------------+-----
Maces & Flails | 2 3 4 |  4.6
Fighting       | |  3.0
Armour         | |  2.4
Shields        | |  2.4

Action                   |  1- 3 |  4- 6 || total
-------------------------+-------+-------++-------
Melee: Flail             |   186 |    47 ||   233
Throw: Throwing net      |       |     1 ||     1
  Use: Scroll            |     4 |     4 ||     8
Armor: Scale mail        |    86 |    32 ||   118
Dodge: Dodged            |    60 |    30 ||    90
Block: Shield            |    96 |    34 ||   130
